AoeStats
← 知耻而后勇喜笑颜开

Arabia

510060359Analyzed
1v1 RM · 2d ago on Sep 29, 2026· 46m 21s· 2 players
Game mode
Random Map
Map size
Tiny (2 player)
Population
200
Speed
Normal
Resources
Standard
Victory
Conquest
Starting age
Dark Age
Ending age
Imperial Age
RankedLock teamsTeams togetherTeam positionsShared explorationLock speedFull tech treeHidden civsTurbo modeCheats
Victory
Defeat
🇬🇧 Khitans · United Kingdom
1462
+16
1455
-16
知耻而后勇喜笑颜开
8:51 Feudal Age
9:23 Double-Bit Axe
9:24 Loom
10:46 Wheelbarrow
11:19 Town Watch
17:11 Forging
21:57 Castle Age
20:19 Gold Mining
20:20 Stone Mining
20:54 Stone Mining
21:38 Scale Barding Armor
22:43 Scale Mail Armor
23:24 Iron Casting
22:58 Pikeman
23:42 Fletching
24:10 Scale Mail Armor
26:19 Sanctity
30:45 Chain Mail Armor
34:21 Fervor
34:03 Treadmill Crane
35:06 Ballistics
35:35 Bodkin Arrow
36:37 Bow Saw
39:16 Gold Shaft Mining
40:03 Hand Cart
43:58 Imperial Age
42:11 Masonry
45:06 Conscription
somaster94
5:43 Loom
8:47 Feudal Age
9:25 Double-Bit Axe
10:42 Domestication
13:16 Town Watch
15:03 Wheelbarrow
15:22 Forging
16:27 Forging
18:44 Forging
18:40 Scale Barding Armor
21:00 Castle Age
20:22 Gold Mining
21:04 Light Cavalry
23:07 Iron Casting
23:47 Husbandry
26:12 Husbandry
33:36 Chain Barding Armor
38:31 Imperial Age
36:28 Bow Saw
37:20 Squires
37:30 Pastoralism
38:54 Fletching
39:04 Padded Archer Armor
40:01 Plate Barding Armor
39:35 Bodkin Arrow
39:41 Padded Archer Armor
39:29 Elite Steppe Lancer
44:00 Hussar
Connection lost

Rejoining the realm…

Still unreachable

The connection could not be restored.

Session expired

The server has moved on; the page needs a fresh start.